AoeStats
← Pororoca

MegaRandom

508068403Analyzed
4v4 RM · 11d ago on Sep 20, 2026· 64m 0s· 8 players
Game mode
Random Map
Map size
Large (8 player)
Population
200
Speed
Normal
Resources
Standard
Victory
Conquest
Starting age
Dark Age
Ending age
Imperial Age
RankedLock teamsTeams togetherTeam positionsShared explorationLock speedFull tech treeHidden civsTurbo modeCheats
Victory
Defeat
🇲🇽 Wei · Mexico
1370
+14
🇦🇷 Britons · Argentina
1307
+17
🇨🇳 Franks · China
1268
+18
🇲🇽 Vietnamese · Mexico
1229
+20
🇨🇿 Teutons · Czechia
1353
-19
🇳🇴 Magyars · Norway
1312
-17
🇳🇱 Koreans · Netherlands
1306
-17
🇪🇸 Sicilians · Spain
1302
-16
KRYPTAERNN
7:01 Loom
10:18 Feudal Age
14:10 Horse Collar
20:39 Castle Age
19:11 Double-Bit Axe
19:35 Scale Barding Armor
21:11 Bloodlines
26:17 Pikeman
31:53 Chain Barding Armor
33:43 Husbandry
40:05 Imperial Age
38:45 Gold Mining
39:31 Wheelbarrow
39:34 Light Cavalry
40:52 Hand Cart
40:17 Cavalier
40:46 Halberdier
41:59 Paladin
44:48 Plate Barding Armor
45:56 Hussar
47:27 Scale Mail Armor
49:30 Chain Mail Armor
49:33 Heavy Plow
56:11 Conscription
57:12 Caravan
58:52 Bow Saw
Rakosnik
3:38 Loom
7:58 Loom
10:11 Feudal Age
10:38 Double-Bit Axe
10:58 Horse Collar
20:07 Castle Age
18:22 Scale Barding Armor
18:27 Forging
18:53 Forging
18:47 Gold Mining
20:55 Bloodlines
21:09 Chain Barding Armor
24:14 Bow Saw
25:48 Wheelbarrow
35:31 Heavy Plow
35:41 Fletching
36:31 Bodkin Arrow
38:38 Hand Cart
38:09 Town Watch
43:06 Imperial Age
42:00 Iron Casting
43:08 Cavalier
44:25 Plate Barding Armor
44:50 Blast Furnace
44:33 Paladin
58:25 Caravan
toretex
3:01 Loom
11:42 Feudal Age
12:08 Double-Bit Axe
19:04 Castle Age
17:03 Horse Collar
17:42 Stone Mining
18:14 Gold Mining
19:07 Arson
21:52 Squires
24:12 Wheelbarrow
24:43 First Crusade
24:41 Scale Mail Armor
25:16 Forging
25:25 Pikeman
28:14 Iron Casting
29:23 Chain Mail Armor
30:32 Fletching
31:40 Heavy Plow
32:58 Town Watch
33:16 Murder Holes
33:42 Ballistics
35:15 Hand Cart
39:02 Imperial Age
39:30 Arrowslits
40:46 Chemistry
39:13 Elite Serjeant
39:14 Halberdier
40:50 Conscription
41:26 Plate Mail Armor
41:57 Bodkin Arrow
42:44 Capped Ram
43:57 Bloodlines
43:48 Husbandry
45:42 Town Patrol
46:12 Masonry
45:28 Siege Ram
54:26 Bow Saw
55:50 Hauberk
55:29 Cavalier
57:21 Scale Barding Armor
64:26 Hoardings
RogerV
11:58 Feudal Age
19:10 Loom
21:40 Castle Age
20:46 Fletching
22:25 Double-Bit Axe
22:32 Gold Mining
22:39 Horse Collar
23:19 Bow Saw
25:56 Heavy Plow
28:57 Wheelbarrow
35:19 Imperial Age
34:40 Ballistics
36:40 Hand Cart
36:23 Bodkin Arrow
37:37 Gold Shaft Mining
36:37 Elite Skirmisher
41:19 Conscription
41:08 Bracer
40:34 Heavy Rocket Cart
42:20 Elite War Wagon
44:07 Shinkichon
44:13 Squires
45:17 Scale Mail Armor
45:27 Forging
44:39 Pikeman
45:46 Halberdier
54:18 Chain Mail Armor
54:13 Forging
57:23 Plate Mail Armor
57:28 Iron Casting
58:36 Two-Man Saw
58:38 Caravan
Schalamax1
7:29 Loom
10:37 Feudal Age
11:52 Wheelbarrow
10:58 Horse Collar
11:05 Double-Bit Axe
19:13 Gold Mining
22:48 Castle Age
21:04 Stone Mining
21:09 Fletching
22:27 Padded Archer Armor
23:24 Bodkin Arrow
22:50 Crossbowman
23:38 Thumb Ring
23:45 Bow Saw
24:35 Heavy Plow
27:07 Hand Cart
27:13 Ballistics
28:38 Town Watch
29:10 Leather Archer Armor
32:40 Stone Shaft Mining
38:58 Imperial Age
39:05 Imperial Age
39:45 Bracer
41:48 Chemistry
40:30 Treadmill Crane
42:00 Ring Archer Armor
42:56 Paper Money
44:39 Two-Man Saw
44:11 Crop Rotation
43:56 Caravan
44:35 Elite Rattan Archer
46:09 Siege Engineers
46:00 Murder Holes
47:55 Hoardings
48:04 Onager
51:30 Pikeman
52:11 Squires
51:57 Arson
52:12 Scale Mail Armor
52:23 Forging
52:18 Chatras
52:06 Sappers
54:02 Guilds
54:54 Chain Mail Armor
54:47 Scale Barding Armor
54:51 Husbandry
55:40 Bloodlines
55:22 Elite Battle Elephant
56:41 Iron Casting
59:13 Chain Barding Armor
61:20 Plate Barding Armor
victorH
5:40 Loom
10:46 Feudal Age
17:45 Bloodlines
22:18 Castle Age
21:02 Scale Barding Armor
21:10 Double-Bit Axe
21:06 Horse Collar
22:22 Forging
23:20 Chain Barding Armor
30:16 Wheelbarrow
30:26 Iron Casting
31:34 Heavy Plow
33:21 Hand Cart
39:35 Imperial Age
37:52 Husbandry
38:30 Bow Saw
39:46 Heavy Hei Guang Cavalry
41:41 Blast Furnace
47:34 Ming Guang Armor
51:58 Scale Mail Armor
52:00 Pikeman
52:41 Squires
53:03 Halberdier
54:18 Chain Mail Armor
Pororoca
10:08 Feudal Age
9:26 Loom
11:12 Double-Bit Axe
16:15 Fletching
22:42 Castle Age
21:10 Padded Archer Armor
24:01 Bow Saw
24:10 Crossbowman
25:27 Bodkin Arrow
31:39 Stone Mining
31:39 Gold Mining
33:12 Ballistics
33:08 Leather Archer Armor
39:16 Imperial Age
40:23 Bracer
41:00 Arbalester
46:25 Horse Collar
47:24 Wheelbarrow
46:34 Town Watch
48:25 Chemistry
47:56 Ring Archer Armor
49:51 Pikeman
50:32 Squires
50:18 Arson
50:35 Scale Mail Armor
50:46 Forging
52:08 Gambesons
52:39 Chain Mail Armor
53:26 Forging
54:19 Hand Cart
54:45 Halberdier
默默发育
8:51 Loom
10:42 Feudal Age
12:58 Double-Bit Axe
17:01 Castle Age
18:09 Forging
21:39 Scale Barding Armor
24:52 Iron Casting
26:25 Chain Barding Armor
26:40 Husbandry
30:34 Wheelbarrow
30:16 Bow Saw
30:36 Stone Mining
30:37 Gold Mining
34:16 Imperial Age
35:26 Conscription
34:33 Cavalier
38:24 Hand Cart
39:02 Gold Shaft Mining
38:42 Town Watch
40:54 Paladin
42:48 Blast Furnace
43:53 Plate Barding Armor
45:31 Chemistry
45:09 Coinage
47:34 Light Cavalry
51:53 Banking
52:25 Caravan
57:11 Town Patrol
Connection lost

Rejoining the realm…

Still unreachable

The connection could not be restored.

Session expired

The server has moved on; the page needs a fresh start.